Map: Ruins of Endion

Players

Pokebunny

  • Race: Terran Terran
  • League: Grandmaster

CMStormPolt (Polt) - Winner!

  • Race: Terran Terran
  • League: Grandmaster

VOD

Have the link to the VOD?

Description

Time

  • Played on: April 5, 2016, 8:28 p.m.
  • Length: 9:11
Show
View Real Time Build Order
Export as new Build Order

Pokebunny Terran 

Build Orders: Reaper Expand, MMM Bio 

Get SALT Encoding   

  12  0:00  SCV  
  13  0:13  SCV  
  14  0:19  Supply Depot  
  14  0:25  SCV  
  15  0:41  SCV  
  16  0:43  Barracks  
  16  0:44  Refinery  
  16  0:53  SCV  
  17  1:05  SCV  
  18  1:17  SCV  
  19  1:30  Orbital Command, Reaper  
  20  1:41  Command Center  
  20  1:51  Supply Depot  
  20  1:55  SCV  
  21  2:01  Marine  
  21  2:07  Factory  
  22  2:10  SCV  
  22  2:13  Refinery  
  23  2:19  Marine  
  23  2:22  SCV  
  25  2:37  Marine  
  25  2:39  SCV  
  27  2:51  Starport  
  27  2:52  Hellion  
  27  2:53  SCV  
  27  2:54  Orbital Command  
  27  2:57  Marine  
  31  3:05  SCV  
  32  3:14  Widow Mine  
  32  3:16  Barracks Tech Lab  
  32  3:17  SCV  
  32  3:19  SCV  
  36  3:28  Barracks  
  36  3:29  Medivac  
  36  3:30  SCV  
  36  3:32  Barracks  
  38  3:41  Marine  
  38  3:47  SCV  
  40  3:48  SCV  
  40  3:52  Factory Tech Lab, Stimpack  
  41  3:59  Marine  
  42  4:04  Starport Reactor  
  42  4:06  SCV x2  
  42  4:09  Supply Depot  
  44  4:10  Supply Depot  
  44  4:16  Barracks Reactor  
  44  4:19  Marine  
  45  4:27  Siege Tank  
  41  4:32  Marine  
  41  4:34  SCV x2  
  41  4:37  Refinery  
  44  4:42  Barracks Reactor  
  44  4:45  Medivac  
  44  4:46  SCV x2  
  46  4:54  Command Center  
  46  4:55  Marine  
  46  4:56  Marine  
  48  5:00  SCV x2  
  48  5:01  Marine  
  50  5:08  Supply Depot  
  50  5:09  Siege Tank  
  50  5:13  Marine  
  52  5:14  Marine  
  52  5:15  SCV  
  52  5:17  SCV  
  52  5:19  Marine  
  52  5:20  Marine x2  
  58  5:23  Medivac  
  58  5:27  SCV  
  61  5:29  SCV  
  61  5:31  Supply Depot  
  61  5:33  Marine x2  
  64  5:49  Marine  
  57  5:51  Marine x3  
  57  5:52  Siege Tank, Marine  
  57  5:54  SCV x2  
  57  5:56  Refinery  
  66  6:00  Engineering Bay, Supply Depot  
  66  6:01  Engineering Bay  
  66  6:02  Combat Shields  
  65  6:08  Marine  
  65  6:09  Marine x3  
  69  6:12  Marine  
  69  6:15  SCV x2  
  69  6:16  Orbital Command  
  72  6:23  Medivac  
  74  6:27  Siege Tank  
  74  6:31  Terran Infantry Weapons Level 1  
  77  6:33  Marine x2  
  77  6:34  Terran Infantry Armor Level 1  
  77  6:37  Supply Depot  
  79  6:41  Marine x2  
  79  6:42  Marine  
  79  6:45  Medivac  
  84  6:51  Marine  
  85  6:57  Orbital Command  
  85  7:01  Supply Depot  
  85  7:02  Marine x3  
  85  7:03  Marine  
  85  7:04  Siege Tank  
  91  7:08  Marine  
  65  7:20  Marine x3  
  49  7:35  Medivac  
  49  7:36  Medivac  
  51  7:37  SCV  
  51  7:38  SCV x2  
  51  7:39  Armory  
  51  7:42  Marine x2  
  56  7:49  SCV  
  56  7:50  SCV  
  58  7:56  SCV  
  59  8:01  SCV  
  59  8:02  SCV  
  61  8:08  SCV  
  61  8:11  Marine x5  
  67  8:14  SCV x2  
  67  8:17  Siege Tank  
  72  8:30  Supply Depot  
  71  8:38  SCV x2  
  71  8:39  SCV  
  60  9:10  Barracks  
Show
View Real Time Build Order
Export as new Build Order

CMStormPolt Terran - Winner!

Build Orders: Reaper Expand, MMM Bio 

Get SALT Encoding   

  12  0:00  SCV  
  13  0:13  SCV  
  14  0:17  Supply Depot  
  14  0:25  SCV  
  15  0:39  SCV  
  15  0:40  Barracks  
  16  0:43  Refinery  
  16  0:51  SCV  
  17  1:03  SCV  
  18  1:15  SCV  
  19  1:28  Orbital Command, Reaper  
  20  1:41  Command Center  
  20  1:53  SCV  
  20  1:54  Supply Depot  
  21  1:59  Marine  
  22  2:05  SCV  
  23  2:09  Factory  
  23  2:17  Marine  
  23  2:18  SCV  
  25  2:24  Refinery  
  25  2:30  SCV  
  26  2:43  SCV  
  27  2:45  Barracks Reactor  
  27  2:55  Starport, SCV  
  28  3:06  Factory Tech Lab  
  28  3:07  SCV  
  28  3:11  Orbital Command  
  29  3:20  SCV  
  29  3:23  Refinery, Marine x2  
  29  3:24  Barracks  
  29  3:25  Siege Tank  
  35  3:31  Supply Depot  
  35  3:32  SCV  
  32  3:41  Viking  
  36  3:44  SCV x2  
  40  3:52  Marine x2  
  41  3:56  SCV x2  
  41  4:00  Siege Tank  
  46  4:08  SCV  
  46  4:09  SCV  
  48  4:13  Supply Depot, Barracks Tech Lab  
  48  4:14  Engineering Bay  
  49  4:24  SCV x2  
  45  4:33  Stimpack  
  45  4:35  Marine x3  
  45  4:36  SCV x2, Medivac  
  52  4:48  SCV x2  
  54  4:55  Marine x3  
  56  5:00  SCV x2  
  58  5:12  SCV x2  
  62  5:15  Starport Reactor  
  62  5:18  Supply Depot  
  62  5:20  Supply Depot  
  60  5:24  SCV x2  
  62  5:35  Refinery  
  62  5:40  Marine x3, SCV x2  
  64  5:54  SCV x2  
  66  5:57  Command Center, Marine x3  
  66  6:00  Medivac  
  66  6:01  Medivac  
  66  6:02  Siege Tank  
  76  6:05  Terran Infantry Weapons Level 1  
  76  6:06  SCV x2  
  78  6:12  Supply Depot x2  
  78  6:29  Barracks x2  
  78  6:30  Barracks  
  78  6:33  Marine x3, Missile Turret  
  81  6:48  Combat Shields  
  81  6:49  Viking x2  
  81  6:51  Marine x3, SCV x2  
  90  6:56  Siege Tank  
  93  7:03  SCV  
  93  7:05  Supply Depot  
  93  7:06  SCV  
  81  7:25  Barracks Reactor  
  81  7:26  Barracks Reactor x2, Marine x3  
  81  7:28  Siege Tank  
  84  7:36  Medivac x2  
  86  7:38  SCV  
  86  7:40  Orbital Command  
  86  7:41  SCV  
  88  7:57  Marine x3  
  91  7:58  SCV  
  91  7:59  SCV  
  93  8:11  SCV x2  
  95  8:13  Orbital Command  
  95  8:14  Marine x6  
  95  8:15  Siege Tank, Marine x3  
  107  8:22  Engineering Bay  
  107  8:23  Supply Depot x2, SCV x2  
  107  8:24  Factory  
  108  8:35  Armory, SCV  
  109  8:44  Sensor Tower  
  109  8:45  SCV  
  109  8:46  Missile Turret  
  105  8:52  Marine x7  
  114  9:04  Barracks x3  
Tags
 
Add a new tag
Caveats
  • Supply blocks, unpowered buildings, or Contaminate may cause inaccurate times.
  • Supply counts are checked every 10 seconds.